 Dungeon Sprint DCSS version 0.20-a0-59-g66a9409 (console) character file.

326 Blackmore the Frost Mage (level 6, 0/32 HPs)
             Began as a Deep Elf Ice Elementalist on Nov 16, 2016.
             Was an Elder of Sif Muna.
             Slain by a fire bat (9 damage)
             ... in the Dungeon (Sprint VII: "The Pits").
             The game lasted 00:03:12 (466 turns).

Blackmore the Frost Mage (Deep Elf Ice Elementalist) Turns: 466, Time: 00:03:12

Health: 0/32       AC:  2    Str:  5    XL:     6   Next: 24%
Magic:  3/20       EV: 15    Int: 22    God:    Sif Muna [****..]
Gold:   0          SH:  0    Dex: 15    Spells: 5 memorised, 10 levels left

rFire  . . .     SeeInvis .     s - +1 dagger (elec)
rCold  . . .     Gourm    .     a - +0 robe
rNeg   . . .     Faith    .     (no shield)
rPois  .         Spirit   .     (no helmet)
rElec  .         Reflect  .     (no cloak)
rCorr  .         Harm     .     (no gloves)
MR     .....     NoTele   +     (no boots)
Stlth  +++.......               (no amulet)
                                (no ring)
                                (no ring)

@: exhausted, slowed, divine energy, very slow
A: no striking features
a: Stop Divine Energy, Channel Magic, Forget Spell, Renounce Religion


You were in the Dungeon.
You worshipped Sif Muna.
Sif Muna was greatly pleased with you.
You were not hungry.

You visited 1 branch

Inventory:

Hand Weapons
 j - a +2 dagger
 r - a +2 long sword of flaming
 s - a +1 dagger of electrocution (weapon)
Armour
 a - a +0 robe (worn)
Scrolls
 i - a scroll of blinking
 l - 3 scrolls of remove curse
 m - 5 scrolls of amnesia
 n - a scroll of summoning
Potions
 d - 6 potions of curing
 e - 6 potions of heal wounds
 f - a potion of haste
 g - 4 potions of magic
 h - 2 potions of berserk rage
 k - 2 potions of invisibility
Books
 b - a book of Frost

   Spells                             Type                      Level
   a - Freeze                         Ice                          1
   b - Throw Frost                    Conjuration/Ice              2
   c - Ozocubu's Armour               Charms/Ice                   3
   d - Throw Icicle                   Conjuration/Ice              4
   e - Summon Ice Beast               Ice/Summoning                4
Comestibles
 c - 8 bread rations
 o - 40 fruits
 p - 7 meat rations
 q - 3 chunks of flesh


   Skills:
 + Level 1.5 Short Blades
 + Level 4.9 Dodging
 + Level 5.4 Stealth
 * Level 9.9 Spellcasting
 + Level 2.1 Conjurations
 + Level 0.7 Summonings
 * Level 10.6 Ice Magic


You had 10 spell levels left.
You knew the following spells:

 Your Spells              Type           Power        Failure   Level  Hunger
a - Freeze                Ice            ####         1%          1    None
b - Throw Frost           Conj/Ice       #####.       1%          2    None
c - Ozocubu's Armour      Chrm/Ice       ####....     1%          3    None
d - Throw Icicle          Conj/Ice       #####...     6%          4    ##.....
e - Summon Ice Beast      Ice/Summ       #####...     8%          4    ##.....


Dungeon Overview and Level Annotations

Branches:
Dungeon (1/1)

Altars:
Ashenzari
Cheibriados
Dithmenos
Elyvilon
Fedhas
Gozag
Hepliaklqana
Kikubaaqudgha
Makhleb
Nemelex Xobeh
Okawaru
Qazlal
Ru
Sif Muna
Trog
Uskayaw
Vehumet
Xom
Yredelemnul
Zin
The Shining One
Beogh
Jiyva
Lugonu


Message History

The iguana dies!
Sif Muna accepts your kill.
The fire bat bites your ice beast but does no damage.
The fire bat barely misses your ice beast.
The fire bat bites your ice beast.
Your ice beast is engulfed in flames!
Your ice beast melts!
Your ice beast misses the fire bat.
Your ice beast hits the fire bat.
Your ice beast freezes the fire bat!
The fire bat is frozen!
The fire bat bites your ice beast.
Your ice beast is engulfed in flames!
Your ice beast melts!
Your ice beast dies!
Casting: Summon Ice Beast
Confirm with . or Enter, or press ? or * to list all spells.
A chill wind blows around you. The fire bat bites you.
You are engulfed in flames!
The fire bat bites you but does no damage.
The fire bat bites you.
* * * LOW HITPOINT WARNING * * *
You are engulfed in flames!
You die...

#.?(.')))'.##.....
##########.##.....
#..)........'.....
#'#####'#####.....
#.#..#...'.##.....
#.#..#...#.#####'#
#.#..#####.##.....
#Y#..'...#.##.....
#@#..'...'.##.....
#b#..########...<.
#.#..'.).)[##.....
#Y#..#.).)[##.....
#†###########.....
#)o.b...# ######
#.###...# #.# .#
#.#


You could see an orc warrior, a fire bat and 2 friendly ice beasts.

Vanquished Creatures
  A hungry ghost (D)
  A floating eye (D)
  A quasit (D)
  A worker ant (D)
  An adder (D)
  An orc (D)
  3 goblins (D)
  2 frilled lizards (D)
  A leopard gecko zombie (D)
12 creatures vanquished.

Vanquished Creatures (collateral kills)
  An orc priest (D)
  An iguana (D)
  An orc (D)
3 creatures vanquished.

Grand Total: 15 creatures vanquished

Notes
Turn   | Place    | Note
-------+----------+-------------------------------------------
     0 | D        | Blackmore the Deep Elf Ice Elementalist began the quest for the Orb.
     0 | D        | Reached XP level 1. HP: 10/10 MP: 6/6
    44 | D        | Found a radiant altar of Vehumet.
    44 | D        | Found a hide-covered altar of Uskayaw.
    44 | D        | Found an ancient bone altar of Kikubaaqudgha.
    44 | D        | Found a viscous altar of Jiyva.
    44 | D        | Found a hazy altar of Hepliaklqana.
    45 | D        | Found a bloodstained altar of Trog.
    45 | D        | Found a deep blue altar of Sif Muna.
    45 | D        | Found a sacrificial altar of Ru.
    45 | D        | Found a stormy altar of Qazlal.
    45 | D        | Found an iron altar of Okawaru.
    45 | D        | Found a sparkling altar of Nemelex Xobeh.
    45 | D        | Found an opulent altar of Gozag.
    45 | D        | Found a blossoming altar of Fedhas.
    45 | D        | Found a white marble altar of Elyvilon.
    45 | D        | Found a shadowy altar of Dithmenos.
    45 | D        | Found a snail-covered altar of Cheibriados.
    46 | D        | Found a glowing golden altar of the Shining One.
    46 | D        | Found a glowing silver altar of Zin.
    47 | D        | Found a burning altar of Makhleb.
    47 | D        | Found a basalt altar of Yredelemnul.
    47 | D        | Found a roughly hewn altar of Beogh.
    48 | D        | Found a corrupted altar of Lugonu.
    48 | D        | Found a shimmering altar of Xom.
    48 | D        | Found a shattered altar of Ashenzari.
    50 | D        | Became a worshipper of Sif Muna the Loreminder
   160 | D        | Noticed a floating eye
   163 | D        | Killed a floating eye
   163 | D        | Reached * piety under Sif Muna
   163 | D        | Reached skill level 8 in Ice Magic
   163 | D        | Reached XP level 2. HP: 15/15 MP: 5/11
   163 | D        | Reached XP level 3. HP: 19/19 MP: 5/13
   163 | D        | Reached XP level 4. HP: 24/24 MP: 5/14
   164 | D        | Reached ** piety under Sif Muna
   171 | D        | Learned a level 2 spell: Throw Frost
   175 | D        | Learned a level 3 spell: Ozocubu's Armour
   180 | D        | Learned a level 4 spell: Throw Icicle
   185 | D        | Learned a level 4 spell: Summon Ice Beast
   254 | D        | Reached XP level 5. HP: 28/28 MP: 7/16
   327 | D        | Reached skill level 9 in Ice Magic
   390 | D        | Noticed a fire bat
   392 | D        | Noticed an orc warrior
   406 | D        | Reached *** piety under Sif Muna
   435 | D        | Noticed a hungry ghost
   452 | D        | Killed a hungry ghost
   452 | D        | Reached skill level 1 in Short Blades
   452 | D        | Reached skill level 5 in Stealth
   452 | D        | Reached skill level 10 in Ice Magic
   457 | D        | Reached **** piety under Sif Muna
   457 | D        | Reached XP level 6. HP: 32/32 MP: 8/20
   466 | D        | Slain by a fire bat

Vault maps used:
D:        pitsprint

Skill      XL: |  1  2  3  4  5 |
---------------+----------------+-----
Dodging        | 3 4 |  4.9
Stealth        | 4 5 |  5.4
Spellcasting   | 6 7 9 |  9.9
Ice Magic      | 8 10 | 10.6
Short Blades   | 1 |  1.5
Conjurations   | 2 |  2.1
Summonings     | |  0.7

Action                   |  1- 3 |  4- 6 || total
-------------------------+-------+-------++-------
Melee: Dagger            |     1 |    19 ||    20
       Unarmed           |     1 |       ||     1
 Cast: Freeze            |     3 |     3 ||     6
       Throw Frost       |       |    10 ||    10
       Summon Ice Beast  |       |     3 ||     3
Invok: Divine Energy     |       |     1 ||     1
  Use: Potion            |       |     1 ||     1
 Stab: Sleeping          |     1 |     1 ||     2
Armor: Robe              |     1 |     5 ||     6
Dodge: Dodged            |     2 |    17 ||    19
